 Seeded DCSS version 0.28-a0-706-gf6f64a616a (webtiles) character file.

Game seed: 20211025 (custom seed)

77 a11behringer the Slasher (level 4, -4/34 HPs)
             Began as a Djinni Gladiator on Oct 25, 2021.
             Slain by a sky beast (6 damage)
             ... on level 3 of the Dungeon.
             The game lasted 00:06:49 (2236 turns).

a11behringer the Slasher (Djinni Gladiator)         Turns: 2236, Time: 00:06:50

Health: -4/34      AC:  4    Str: 13    XL:     4   Next: 58%
Gold:   68         EV: 13    Int: 10    God:
                   SH:  0    Dex: 15

rFire   + + +      SeeInvis .   a - +0 long sword
rCold   . . .      Faith    .   (no shield)
rNeg    . . .      Spirit   .   b - +0 leather armour
rPois   ∞          Reflect  .   c - +0 helmet
rElec   .          Harm     .   (no cloak)
rCorr   .          Rampage  .   (no gloves)
Will    .....                   (boots unavailable)
Stlth   +.........              (no amulet)
HPRegen 0.11/turn               m - ring of protection from cold
MPRegen 0.00/turn               p - ring of protection from fire

@: flying
A: sickness immunity, fire resistance 2, cold vulnerability 1, float, innate
caster, hp casting, extra vitality 1
a: no special abilities


You were on level 3 of the Dungeon.
You visited 1 branch of the dungeon, and saw 3 of its levels.

You collected 68 gold pieces.

Inventory:

Hand Weapons
 a - a +0 long sword (weapon)
 t - a +0 hunting sling
Missiles
 d - 3 throwing nets (quivered)
 k - 47 arrows
Armour
 b - a +0 leather armour (worn)
 c - a +0 helmet (worn)
Jewellery
 m - a ring of protection from cold (left hand)
 p - a ring of protection from fire (right hand)
Scrolls
 f - a scroll of immolation {unknown}
 n - a scroll of fog {unknown}
 o - a scroll of teleportation {unknown}
 q - a scroll of summoning {unknown}
 r - a scroll of identify {unknown}
 s - a scroll of fear {unknown}
Potions
 e - a potion of haste {unknown}
 g - a potion of flight {unknown}
 h - a potion of brilliance {unknown}
 i - a potion of attraction {unknown}
 j - a potion of berserk rage {unknown}
 l - a potion of might {unknown}


   Skills:
 + Level 2.3 Fighting
 * Level 3.9 Long Blades
 - Level 1.5 Throwing
 + Level 1.0 Armour
 + Level 3.6 Dodging
 * Level 0.2 Spellcasting


You had 2 spell levels left.
You knew the following spells:

 Your Spells              Type           Power      Damage    Failure   Level
a - Shock                 Conj/Air       0%         1d3       38%         1
Your spell library was empty.

Dungeon Overview and Level Annotations

Branches:
Dungeon (3/15)

Altars:

Shops:
D:1 =?([


Innate Abilities, Weirdness & Mutations

You are immune to sickness and miasma.
You are immune to poison.
Your flesh is very heat resistant. (rF++)
You are vulnerable to cold. (rC-)
You float through the air rather than walking.
You learn spells naturally, not from books.
Your magical power is your life essence.
You have superior vitality. (+4 HP)


Message History

Done exploring.
There is a faded altar of an unknown god here.
You reach down and open the door.
There is an open door here.
There is a stone staircase leading down here.
You fly downwards.
There is a stone staircase leading up here.
A sky beast comes into view.
Okay, then.
The sky beast hits you but does no damage.
You slash the sky beast!
The sky beast is moderately wounded.
The sky beast barely misses you.
You closely miss the sky beast.
The sky beast is moderately wounded.
The sky beast hits you. The sky beast shocks you.
You hit the sky beast.
The sky beast is heavily wounded.
The sky beast hits you but does no damage.
You closely miss the sky beast.
The sky beast is heavily wounded.
The sky beast hits you. The sky beast shocks you. The sky beast hits you.
The sky beast shocks you.
You hit the sky beast.
The sky beast is heavily wounded.
The sky beast barely misses you.
You barely miss the sky beast.
The sky beast is heavily wounded.
The sky beast barely misses you.
You slash the sky beast!
The sky beast is almost dead.
The sky beast flickers out of sight!
Deactivating autopickup; reactivate with Ctrl-A.
Something hits you. Something shocks you.
* * * LOW HITPOINT WARNING * * *
You miss something. Something hits you but does no damage.
You hit something. Something hits you.
* * * LOW HITPOINT WARNING * * *
Something shocks you.
You die...

#. #. ### #.
..#####
#.##########.....#
#................##
+...........<......
#.......####.....#.
#{@.....# #.....#
#.......# ......#
.........# ######..
#.##.....#.# . #
#######.# .#


There were no monsters in sight!

Vanquished Creatures
  3 adders (D:2)
  A worm (D:2)
  A dart slug (D:2)
  8 bats
  2 endoplasms (D:1)
  A giant cockroach (D:1)
  6 goblins
  3 hobgoblins
  3 jackals (D:2)
  4 kobolds (D:2)
  2 quokkas (D:2)
  4 ball pythons (D:1)
  A frilled lizard (D:2)
  A rat (D:1)
40 creatures vanquished.

Vanquished Creatures (others)
  2 fungi (D:2)
  5 plants (D:2)
7 creatures vanquished.

Grand Total: 47 creatures vanquished

Notes
Turn   | Place    | Note
-------+----------+-------------------------------------------
     0 | D:1      | a11behringer the Djinni Gladiator began the quest for the
                  | Orb.
     0 | D:1      | Reached XP level 1. HP: 18/18 MP: 0/0
   166 | D:1      | Found Fotta's Weapon Boutique.
   305 | D:1      | Reached XP level 2. HP: 22/23 MP: 0/0
   338 | D:1      | Found Qumot's Magic Scroll Emporium.
   364 | D:1      | Found Paowkaj's Jewellery Emporium.
   612 | D:1      | Found Wiywomu's Antique Armour Shoppe.
  1043 | D:2      | Found a faded altar of an unknown god.
  1049 | D:2      | Reached XP level 3. HP: 25/28 MP: 0/0
  1049 | D:2      | Learned a level 1 spell: Shock
  1635 | D:2      | Reached XP level 4. HP: 31/33 MP: 0/0
  1888 | D:2      | Reached skill level 1 in Armour
  2224 | D:3      | Noticed a sky beast
  2236 | D:3      | Slain by a sky beast

Illustrated notes

Levels and vault maps discovered:
D:1:      wander_arrival_peaceful_grave, layout_basic, serial_shops,
          nicolae_lakefront_shop, nicolae_shop_waterfront, shop,
          nicolae_square_shop
D:2:      layout_basic, shapermc_ecumenical_altar_gd
D:3:      layout_basic, uniq_grinder

Skill      XL: |  1  2  3  4 |
---------------+-------------+-----
Long Blades    | 3 |  3.9
Armour         | 1 |  1.0
Fighting       | |  2.3
Throwing       | |  1.5
Dodging        | |  3.6
Spellcasting   | |  0.2

Action                   |  1- 3 |  4- 6 || total
-------------------------+-------+-------++-------
Melee: Long sword        |    73 |    50 ||   123
 Stab: Sleeping          |     1 |       ||     1
Armor: Leather armour    |    41 |    14 ||    55
Dodge: Dodged            |    56 |    37 ||    93

Table legend: (Time is in decaauts)
 A = Elapsed time spent in this place.
 B = Non-inter-level travel time spent in this place.
 C = Inter-level travel time spent in this place.
 D = Time resting spent in this place.
 E = Time spent auto-exploring this place.
 F = Levels seen in this place.
 G = Mean time per level.
                   A        B        C        D        E       F      G
               +--------+--------+--------+--------+--------+-----+--------+
         Total |   2262 |   2102 |    160 |      0 |   1778 |   3 |  754.0 |
       Dungeon |   2262 |   2102 |    160 |      0 |   1778 |   3 |  754.0 |
               +--------+--------+--------+--------+--------+-----+--------+

Top non-repeatable levels by time:
     D:2: 1192 daAuts
     D:1: 1049 daAuts
     D:3: 20 daAuts
